 Dungeon Crawl Stone Soup version 0.17.1-2-g5865329 (webtiles) character file.

111 Metrazal the Sneak (level 4, -4/22 HPs)
             Began as a Spriggan Assassin on Feb 7, 2016.
             Killed from afar by Natasha (5 damage)
             ... with a wand of frost
             ... on level 3 of the Dungeon.
             The game lasted 00:20:32 (2052 turns).

Metrazal the Sneak (Spriggan Assassin)              Turns: 2052, Time: 00:20:32

Health: -4/22      AC:  3    Str:  7    XL:     4   Next: 62%
Magic:  5/5        EV: 20    Int: 12    God:
Gold:   108        SH:  0    Dex: 18    Spells: 0 memorised, 3 levels left

rFire  . . .     SeeInvis +     b - +0 blowgun
rCold  . . .     Clarity  .     n - +0 robe
rNeg   . . .     SustAt   .     (shield restricted)
rPois  .         Gourm    .     (helmet restricted)
rElec  .         Spirit   .     d - +0 cloak
rCorr  .         Warding  .     (gloves unavailable)
rMut   .         Stasis   .     (boots unavailable)
MR     .....                    (no amulet)
Stlth  ++++......               (no ring)
                                (no ring)

@: very quick, not resistant to hostile enchantments, stealthy
A: unfitting armour, see invisible, herbivore 3, speed 3, slow metabolism 2
a: no special abilities


You were on level 3 of the Dungeon.
You were not hungry.

You visited 1 branch of the dungeon, and saw 3 of its levels.

You collected 108 gold pieces.

Inventory:

Hand Weapons
 a - a +2 dagger
 b - a +0 blowgun (weapon)
 c - a +0 hunting sling
Missiles
 e - 26 poisoned needles (quivered)
 f - 2 curare-tipped needles
 i - 60 stones
 k - 19 sling bullets
 v - 16 arrows
Armour
 d - a +0 cloak (worn)
 n - a +0 robe (worn)
Scrolls
 h - 2 scrolls of magic mapping {unknown}
 j - a scroll of enchant armour {unknown}
 l - a scroll of blinking {unknown}
 o - a scroll of teleportation {unknown}
 p - 7 scrolls of identify {unknown}
 r - a scroll of fog {unknown}
 s - 3 scrolls of noise {unknown}
 t - a scroll of remove curse {unknown}
Potions
 m - a potion of haste {unknown}
 u - a potion of might {unknown}
 w - a potion of brilliance {unknown}
Comestibles
 g - 2 bread rations
 q - 3 fruits


   Skills:
 - Level 1.5 Fighting
 - Level 2.1 Short Blades
 + Level 4.0(4.4) Slings
 - Level 2.0(2.9) Throwing
 + Level 4.1 Dodging
 - Level 5.8 Stealth


You had 3 spell levels left.
You didn't know any spells.

Dungeon Overview and Level Annotations

Branches:
Dungeon (3/15)

Altars:
Gozag
Vehumet

Annotations:
D:3 Natasha


Innate Abilities, Weirdness & Mutations

You are tiny and cannot use many weapons and most armour.
You have supernaturally acute eyesight.
You are a herbivore.
You cover ground extremely quickly.
You need consume almost no food.


Message History

Firing (i - inventory. (,) - cycle):
e - 29 poisoned needles (quivered)
Press: ? - help, Shift-Dir - straight line, f/p - Natasha
Aim: Natasha, carrying a wand of frost {zapped: 3} (poisoned)
You shoot a poisoned needle. The poisoned needle hits Natasha!
Natasha looks even sicker.
Natasha stares at you and mumbles some strange words.
The magic dart hits you!
* * * LOW HITPOINT WARNING * * *
Firing (i - inventory. (,) - cycle):
e - 28 poisoned needles (quivered)
Press: ? - help, Shift-Dir - straight line, f/p - Natasha
Aim: Natasha, carrying a wand of frost {zapped: 3} (severely wounded, poisoned)
You shoot a poisoned needle.
The poisoned needle closely misses Natasha.
Firing (i - inventory. (,) - cycle):
e - 27 poisoned needles (quivered)
Press: ? - help, Shift-Dir - straight line, f/p - Natasha
Aim: Natasha, carrying a wand of frost {zapped: 3} (severely wounded, poisoned)
You shoot a poisoned needle.
The poisoned needle barely misses Natasha.
Natasha zaps a wand.
The puff of frost hits you!
You die...

...(. #.# # ...( #.#
#.# ... ##'## #.. ..##
##...## ### (.#
##.....## #(#
##.......##
#.####(.(>.....###
#...h(.........+..
#@####.........### #.#
##.......## #.#
##.....## #.#######.#
##...######
#.........# ##'## #...
#####.##### #.# #...
#.######### #.# #...
#.#.......# ##.## #...
#.#.#####.###...###...


You could see Natasha.

Vanquished Creatures
  Jessica (D:2)
  Natasha (D:3)
  An adder (D:2)
  A giant gecko (D:1)
  7 bats
  3 giant cockroaches (D:1)
  3 hobgoblins
  6 jackals
  6 kobolds
  A ball python (D:2)
  5 giant newts
  7 goblins
  6 rats
48 creatures vanquished.

Notes
Turn   | Place    | Note
--------------------------------------------------------------
     0 | D:1      | Metrazal the Spriggan Assassin began the quest for the Orb.
     0 | D:1      | Reached XP level 1. HP: 10/10 MP: 2/2
   547 | D:1      | Reached XP level 2. HP: 14/14 MP: 3/3
   662 | D:1      | Reached skill level 1 in Slings
  1256 | D:2      | Reached XP level 3. HP: 18/18 MP: 4/4
  1556 | D:2      | Noticed Jessica
  1565 | D:2      | Killed Jessica
  1565 | D:2      | Reached XP level 4. HP: 22/22 MP: 5/5
  1848 | D:2      | Found a radiant altar of Vehumet.
  1848 | D:2      | Found an opulent altar of Gozag.
  2011 | D:3      | Noticed Natasha
  2022 | D:3      | Killed Natasha
  2047 | D:3      | Noticed Natasha
  2050 | D:3      | HP: 1/22 [Natasha/magic dart (5)]
  2052 | D:3      | Killed from afar by Natasha

Action                   |  1- 3 |  4- 6 || total
-------------------------+-------+-------++-------
Melee: Dagger            |     7 |       ||     7
 Fire: Blowgun           |    22 |    11 ||    33
       Hunting sling     |    73 |    36 ||   109
 Stab: Sleeping          |     9 |       ||     9
